 Dungeon Crawl Stone Soup version 0.18.1-8-gdd0e5ea (webtiles) character file.

58 Gadfly the Ducker (level 3, 0/16 HPs)
             Began as a Spriggan Earth Elementalist on June 5, 2016.
             Slain by a jackal (2 damage)
             ... on level 3 of the Dungeon.
             The game lasted 00:31:06 (4051 turns).

Gadfly the Ducker (Spriggan Earth Elementalist)     Turns: 4051, Time: 00:31:07

Health: 0/16       AC:  2    Str:  4    XL:     3   Next: 76%
Magic:  5/8        EV: 19    Int: 17    God:
Gold:   127        SH:  0    Dex: 16    Spells: 2 memorised, 4 levels left

rFire  . . .     SeeInvis +     e - +0 short sword
rCold  . . .     Gourm    .     s - +0 robe
rNeg   . . .     Faith    .     (shield restricted)
rPois  .         Spirit   .     (helmet restricted)
rElec  .         Dismiss  .     (no cloak)
rCorr  .         Reflect  .     (gloves unavailable)
SustAt .         Harm     .     (boots unavailable)
MR     .....                    (no amulet)
Stlth  +++.......               (no ring)
                                (no ring)

@: hasted, very quick, not resistant to hostile enchantments, fairly stealthy
A: unfitting armour, see invisible, herbivore 3, speed 3, slow metabolism 2
a: no special abilities


You were on level 3 of the Dungeon.
You were near starving.

You visited 1 branch of the dungeon, and saw 3 of its levels.

You collected 127 gold pieces.

Inventory:

Hand Weapons
 e - a +0 short sword (weapon)
 k - a +0 short sword
Missiles
 b - 144 stones (quivered)
Armour
 s - a +0 robe (worn)
Scrolls
 m - a scroll of magic mapping
 o - a scroll of random uselessness
 q - a scroll of blinking {unknown}
Potions
 a - a potion of degeneration {unknown}
 h - a potion of curing
Books
 c - a book of Geomancy

   Spells                             Type                      Level
   a - Sandblast                      Earth                        1
   b - Passwall                       Transmutation/Earth          2
   c - Stone Arrow                    Conjuration/Earth            3
   d - Petrify                        Transmutation/Earth          4
   e - Lee's Rapid Deconstruction     Earth                        5
Comestibles
 d - 2 bread rations


   Skills:
 + Level 0.2 Short Blades
 + Level 4.2 Dodging
 + Level 3.0 Stealth
 + Level 3.4 Spellcasting
 * Level 0.2 Conjurations
   Level 1.3 Transmutations
 + Level 3.3 Earth Magic


You had 4 spell levels left.
You knew the following spells:

 Your Spells              Type           Power        Failure   Level  Hunger
a - Sandblast             Erth           ##....       4%          1    None
b - Stone Arrow           Conj/Erth      #.....       24%         3    ###....


Dungeon Overview and Level Annotations

Branches:
Dungeon (3/15)

Altars:
Cheibriados
Fedhas
Kikubaaqudgha
Qazlal

Annotations:
D:3 JirkfaceJones's ghost, amateur DDNe


Innate Abilities, Weirdness & Mutations

You are tiny and cannot use many weapons and most armour.
You have supernaturally acute eyesight.
You are a herbivore.
You cover ground extremely quickly.
You need consume almost no food.


Message History

The jackal closely misses you.
You see here 9 gold pieces.
The jackal bites you.
* * * LOW HITPOINT WARNING * * *
The jackal bites you.
* * * LOW HITPOINT WARNING * * *
The jackal closely misses you.
The jackal bites you but does no damage.
The jackal closely misses you. The jackal closely misses you.
The jackal completely misses you.
The jackal bites you but does no damage.
You see here a purple potion.
a - a purple potion The jackal barely misses you.
The jackal closely misses you. The jackal completely misses you.
The jackal barely misses you.
Drink which item? (? for menu, Esc to quit)
It was a potion of haste.
You feel yourself speed up. The jackal misses you.
The jackal completely misses you. The jackal bites you.
You die...

#.........## ##.............#
#........<.## #..............#
#.<.........####.#.......)....#.
#......<..#.......#....._.......
#..[......###.÷.............###.
#.........# #.######†........##.
#######.### #.#......_..⌠..[....
#..####÷#.####.........##.
##......h@#####....._..#
#......h...#.............
##.......##......)........
#...#########..###..##....
#####..#................# ....
#..................##.### #...
#....%...........#.# #
#..................##
#................#..#


You could see 2 jackals.

Vanquished Creatures
  An ooze (D:1)
  A dart slug (D:1)
  7 bats
  5 giant cockroaches
  4 goblins
  6 hobgoblins
  4 jackals
  7 kobolds
  A quokka (D:2)
  3 giant newts
  8 rats
47 creatures vanquished.

Notes
Turn   | Place    | Note
--------------------------------------------------------------
     0 | D:1      | Gadfly the Spriggan Earth Elementalist began the quest for the Orb.
     0 | D:1      | Reached XP level 1. HP: 9/9 MP: 5/5
    21 | D:1      | Noticed an electric eel
   137 | D:1      | Reached XP level 2. HP: 5/13 MP: 3/6
  1325 | D:1      | Reached XP level 3. HP: 5/16 MP: 3/8
  1972 | D:1      | Learned a level 3 spell: Stone Arrow
  2902 | D:2      | Found a snail-covered altar of Cheibriados.
  2963 | D:2      | Reached skill level 4 in Dodging
  3685 | D:3      | Found a stormy altar of Qazlal.
  3686 | D:3      | Found a blossoming altar of Fedhas.
  3687 | D:3      | Found an ancient bone altar of Kikubaaqudgha.
  3783 | D:3      | Noticed JirkfaceJones's ghost (amateur DDNe)
  4051 | D:3      | Slain by a jackal

Skill      XL: |  1  2  3 |
---------------+----------+-----
Earth Magic    | 3 |  3.3
Spellcasting   | 3 |  3.4
Dodging        | 4 |  4.2
Short Blades   | |  0.2
Stealth        | |  3.0
Conjurations   | |  0.2
Transmutations | |  1.3

Action                   || total
-------------------------++-------
Melee: Short sword       ||   137
Throw: Stone             ||    10
 Cast: Sandblast         ||    62
       Stone Arrow       ||     7
  Use: Scroll            ||     6
       Potion            ||     4
 Stab: Sleeping          ||     1
Armor: Robe              ||    37
Dodge: Dodged            ||   275
